 Dungeon Crawl Stone Soup version 0.31.0-12-g77e489cdc1 (webtiles) character file.

Game seed: 9891592026292009852

5 jagang the Changeling (level 1, -1/16 HPs)
             Began as a Demigod Shapeshifter on Feb 15, 2024.
             Frozen to death by an endoplasm (4 damage)
             ... on level 1 of the Dungeon.
             The game lasted 00:00:16 (118 turns).

jagang the Changeling (Demigod Shapeshifter)         Turns: 118, Time: 00:00:16

Health: -1/16      AC:  2    Str: 15    XL:     1   Next: 53%
Magic:  3/3        EV: 12    Int: 12    God:
Gold:   18         SH:  0    Dex: 13    Spells: 0/0 levels left

rFire   . .          .
                       - Unarmed
rCold   . . .        (no shield)
rNeg    . . .        a - +0 animal skin
rPois   .            (helmet currently unavailable)
rElec   .            (cloak currently unavailable)
rCorr   .            (gloves currently unavailable)
SInv    .            (boots currently unavailable)
Will    .....        (no amulet)
Stlth   +            (no ring)
HPRegen 0.22/turn    (no ring)
MPRegen 0.08/turn

%: no passive effects
@: beast-form
A: beast (slay +1), high MP 1, forlorn, divine attributes
a: Begin Untransformation


You were on level 1 of the Dungeon.
You were a hulking beast.
You visited 1 branch of the dungeon, and saw 1 of its levels.

You collected 18 gold pieces.

Inventory:

Armour
 a - a +0 animal skin (worn)
Talismans
 c - a beast talisman
 d - a flux talisman
Potions
 b - a potion of lignification


   Skills:
 + Level 1.0 Fighting
 + Level 1.9 Dodging
 + Level 2.7 Unarmed Combat
 * Level 2.8 Shapeshifting


You couldn't memorise any spells.
You didn't know any spells.
Your spell library was empty.

Dungeon Overview and Level Annotations

Branches:
Dungeon (1/15)


Innate Abilities, Weirdness & Mutations

You are a hulking beast.
Your limbs bulge with bestial killing power. (Slay +1)
You have an increased reservoir of magic. (+10% MP)
You shall have no god before yourself.
Your divine heritage dramatically boosts your attributes as you level up.


Message History

You hit the hobgoblin but do no damage.
The hobgoblin is heavily wounded.
The hobgoblin barely misses you.
An endoplasm comes into view.
You closely miss the hobgoblin.
The hobgoblin is heavily wounded.
The hobgoblin closely misses you. The endoplasm freezes you.
You are frozen.
The endoplasm quivers.
You hit the hobgoblin.
The hobgoblin is severely wounded.
The hobgoblin completely misses you. The endoplasm hits you.
You hit the hobgoblin but do no damage.
The hobgoblin is severely wounded.
The hobgoblin misses you. The endoplasm freezes you.
You are frozen.
You hit the hobgoblin.
You kill the hobgoblin!
The endoplasm freezes you.
You are frozen.
You are too injured to fight recklessly!
You are too injured to fight recklessly!
Unknown command.
You hit the endoplasm.
The endoplasm is severely wounded.
The endoplasm closely misses you.
You hit the endoplasm.
The endoplasm is almost dead.
The endoplasm freezes you.
You are frozen.
* * * LOW HITPOINT WARNING * * *
You hit the endoplasm.
You kill the endoplasm!
You hit the endoplasm.
The endoplasm is almost dead.
The endoplasm freezes you.
You are frozen.
You die...

..#......##.#
##.##......# .##.
#.###### ... .. #
###.### # #.....#
# ###.....#
#.J.....#
#h#.....#
#.#.....#
#.####### #.##.##
#######
#.#.#.######......
#..###..........##
#.## ##.####.##.##
#.)###.## #.##...
###.#.## #.#####


You could see an endoplasm.

Vanquished Creatures
  An endoplasm (D:1)
  2 goblins (D:1)
  A hobgoblin (D:1)
4 creatures vanquished.

Notes
Turn   | Place    | Note
-------+----------+-------------------------------------------
     0 | D:1      | jagang the Demigod Shapeshifter began the quest for the
                  | Orb.
     0 | D:1      | Reached XP level 1. HP: 15/15 MP: 3/3
    89 | D:1      | Reached skill level 1 in Fighting
   118 | D:1      | Frozen to death by an endoplasm

Illustrated notes

Levels and vault maps discovered:
D:1:      elethiomel_arrival_quiet, layout_loops_cross,
          shapermc_ecumenical_altar_acropolis, dk_noncrumbling_3,
          amcnicky_mini_corridor_feature

Skill      XL: |  1 |
---------------+----+-----
Fighting       | 1 |  1.0
Dodging        | |  1.9
Unarmed Combat | |  2.7
Shapeshifting  | |  2.8

Action                     || total
---------------------------++-------
  Melee: Unarmed           ||    13
   Stab: Sleeping          ||     1
 Armour: Animal skin       ||     2
  Dodge: Dodged            ||     7
